 Dungeon Crawl Stone Soup version 0.25-a0-1017-g8a05a4c (webtiles) character file.

Game seed: 4456459142915881119, levelgen mode: deterministic

1506 Illumine the Magician (level 8, -3/46 HPs)
             Began as a Deep Elf Fire Elementalist on May 12, 2020.
             Slain by an orc warrior
             ... wielding a +0 trident
              (12 damage)
             ... on level 6 of the Dungeon.
             The game lasted 00:15:19 (6109 turns).

Illumine the Magician (Deep Elf Fire Elementalist)  Turns: 6109, Time: 00:15:21

Health: -3/46      AC:  4    Str:  5    XL:     8   Next: 52%
Magic:  19/19      EV: 15    Int: 23    God:
Gold:   274        SH:  0    Dex: 15    Spells: 7/19 levels left

rFire    . . .     SeeInvis .   s - +0 long sword
rCold    . . .     Gourm    .   (no shield)
rNeg     . . .     Faith    .   a - +0 robe
rPois    .         Spirit   .   l - +0 helmet (curse)
rElec    .         Reflect  .   C - +0 cloak
rCorr    .         Harm     .   (no gloves)
MR       .....                  (no boots)
Stlth    ++........             (no amulet)
HPRegen  0.15/turn              (no ring)
MPRegen  0.16/turn              (no ring)

@: no status effects
A: no striking features
a: no special abilities


You were on level 6 of the Dungeon.
You were not hungry.

You visited 1 branch of the dungeon, and saw 6 of its levels.

You collected 274 gold pieces.

Inventory:

Hand Weapons
 h - a +0 short sword
 s - a +0 long sword (weapon)
Missiles
 d - 173 stones (quivered)
 m - 104 arrows
 r - 2 throwing nets
Armour
 a - a +0 robe (worn)
 l - a cursed +0 helmet (worn)
 w - +0 ice dragon scales
 A - a +1 scale mail of poison resistance
 C - a +0 cloak (worn)
Jewellery
 u - a +4 ring of intelligence {unknown}
Wands
 b - a wand of enslavement (6)
 y - a wand of paralysis (3)
 z - a wand of flame (17)
Scrolls
 e - a scroll of amnesia {unknown}
 g - a scroll of teleportation {unknown}
 i - a scroll of enchant weapon {unknown}
 j - 4 scrolls of remove curse {unknown}
 k - 10 scrolls of identify {unknown}
 p - a scroll of immolation {unknown}
 E - 2 scrolls of noise {unknown}
Potions
 f - a potion of mutation {unknown}
 n - a potion of might {unknown}
 o - a potion of stabbing {unknown}
 q - a potion of brilliance {unknown}
 t - 2 potions of heal wounds {unknown}
 v - a potion of resistance {unknown}
 x - a potion of cancellation {unknown}
 B - 2 potions of haste {unknown}
Comestibles
 c - 8 rations


   Skills:
 + Level 3.3 Fighting
 + Level 5.7 Dodging
 - Level 2.4 Stealth
 + Level 6.3 Spellcasting
 + Level 4.7 Conjurations
 + Level 2.9 Summonings
 + Level 5.9 Fire Magic
 + Level 2.6 Air Magic


You had 7 spell levels left.
You knew the following spells:

 Your Spells              Type           Power        Failure   Level  Hunger
a - Foxfire               Conj/Fire      ####         1%          1    None
b - Conjure Flame         Conj/Fire      ####....     2%          3    #......
c - Sticky Flame          Conj/Fire      ####....     9%          4    ###....
d - Summon Lightning Spi  Summ/Air       ###.....     26%         4    ###....

Your spell library contained the following spells:

 Spells                   Type           Power        Failure   Level  Hunger
 Summon Small Mammal      Summ           ###.         2%          1    None
 Call Imp                 Summ           ###.....     3%          2    None
 Call Canine Familiar     Summ           ###.....     8%          3    #......
 Inner Flame              Hex/Fire       ###.....     8%          3    #......
 Summon Guardian Golem    Hex/Summ       ##......     14%         3    #......
 Fireball                 Conj/Fire      ####......   26%         5    #####..
 Summon Ice Beast         Ice/Summ       ##......     41%         4    ###....


Dungeon Overview and Level Annotations

Branches:
Dungeon (6/15)
 Temple: D:4-7

Altars:
Fedhas
Kikubaaqudgha
Wu Jian

Shops:
D:4 *

Annotations:
D:4 2 transporters
D:5 1 runed translucent door, dragonknight44's ghost, amateur DDMo
D:6 Duvessa


Message History

Dragonknight44's ghost screams, "They lied to you.
The Dungeon just goes down and down forever."
A hound comes into view.
The centaur shoots an arrow.
The arrow hits you but does no damage. Duvessa closely misses you.
You see here an arrow.
The centaur shoots an arrow.
The arrow hits you!
The centaur unwields a +0 dagger.
The centaur wields a +0 shortbow.
The centaur shoots an arrow.
The arrow completely misses you.
You see here an arrow.
Duvessa misses you. Duvessa hits you with a +0 rapier!
There is a stone staircase leading down, spattered with blood here.
Duvessa hits you with a +0 rapier!
* * * LOW HITPOINT WARNING * * *
You climb downwards. 3 orcs come into view.
The orc shouts! x2; The orc warrior shouts!
The orc shouts!
The orc misses you.
The orc warrior hits you with a +0 trident!
You die...

####...# #. ## #.
##......# #. .#..
#.......#
##.#.#.#####..##<###
..#.......#..##....
##.(.......)..#####.
#..o.....####)...#
#.e.#...... #.##....
#..@.....# ### ###
#ooo##.#.# #...#
...... .......
#...<#### #....
#####


You could see Duvessa (berserk), an orc warrior and 3 orcs.

Vanquished Creatures
  Pikel (D:5)
  2 water moccasins (D:5)
  A phantom (D:3)
  An ogre (D:4)
  A howler monkey (D:4)
  A crimson imp (D:5)
  A centaur zombie (D:5)
  2 hounds
  A centaur skeleton (D:5)
  Terence (D:3)
  2 orc wizards
  5 worker ants
  Robin (D:3)
  8 adders
  4 gnolls (D:5)
  A shadow imp (D:5)
  3 oozes
  3 worms
  2 dart slugs
  3 leopard geckos
  17 orcs
  11 bats
  3 giant cockroaches
  12 goblins
  6 hobgoblins
  3 quokkas
  A ball python (D:2)
  6 frilled lizards
  11 kobolds
  A leopard gecko skeleton (D:4)
  7 rats
122 creatures vanquished.

Vanquished Creatures (collateral kills)
  2 goblins (D:3)
  A frilled lizard (D:2)
3 creatures vanquished.

Vanquished Creatures (others)
  A slave (D:5)
  Dowan (D:5)
  298 foxfires
300 creatures vanquished.

Grand Total: 425 creatures vanquished

Notes
Turn   | Place    | Note
-------+----------+-------------------------------------------
     0 | D:1      | Illumine the Deep Elf Fire Elementalist began the quest for
                  | the Orb.
     0 | D:1      | Reached XP level 1. HP: 10/10 MP: 6/6
   418 | D:1      | Reached XP level 2. HP: 9/15 MP: 5/8
  1169 | D:2      | Reached XP level 3. HP: 16/19 MP: 4/9
  1183 | D:2      | Learned a level 3 spell: Conjure Flame
  1441 | D:2      | Reached XP level 4. HP: 15/24 MP: 5/11
  1561 | D:2      | Reached skill level 1 in Fighting
  1959 | D:3      | Learned a level 4 spell: Sticky Flame
  2052 | D:3      | Reached skill level 4 in Spellcasting
  2300 | D:3      | Noticed a phantom
  2318 | D:3      | Killed a phantom
  2318 | D:3      | Reached XP level 5. HP: 13/29 MP: 8/13
  2853 | D:3      | Reached XP level 6. HP: 35/35 MP: 9/14
  2994 | D:3      | Noticed Terence
  3250 | D:3      | Paralysed by a kobold for 7 turns
  3461 | D:4      | Found a transporter.
  3787 | D:3      | Noticed Robin
  3808 | D:3      | Killed Robin
  3923 | D:3      | Killed Terence
  3923 | D:3      | Reached skill level 5 in Spellcasting
  4123 | D:4      | Learned a level 4 spell: Summon Lightning Spire
  4268 | D:4      | Found a transporter.
  4329 | D:4      | Found Wuvvyeti's Assorted Antiques.
  4340 | D:4      | Reached skill level 5 in Fire Magic
  4589 | D:4      | Found an ornate altar of the Wu Jian Council.
  4705 | D:4      | Found a blossoming altar of Fedhas.
  4705 | D:4      | Found an ancient bone altar of Kikubaaqudgha.
  4765 | D:5      | Entered Level 5 of the Dungeon
  4788 | D:4      | Reached XP level 7. HP: 39/40 MP: 10/16
  4940 | D:5      | Reached skill level 1 in Summonings
  4940 | D:5      | Reached skill level 1 in Air Magic
  5091 | D:5      | Found Hisaecwa's Serpentskin Sales.
  5100 | D:5      | Reached skill level 5 in Dodging
  5306 | D:5      | Found a runed translucent door.
  5306 | D:5      | Noticed dragonknight44's ghost (amateur DDMo)
  5544 | D:5      | Noticed Pikel
  5572 | D:5      | Killed Pikel
  5572 | D:5      | Reached skill level 6 in Spellcasting
  5572 | D:5      | Reached XP level 8. HP: 43/46 MP: 8/19
  5915 | D:5      | Killed Dowan
  6091 | D:5      | Noticed Duvessa
  6109 | D:6      | Slain by an orc warrior

Illustrated notes

Levels and vault maps discovered:
D:1:      doesnt_arrival_eight_statues, layout_basic
D:2:      layout_basic, first_ration
D:3:      layout_loops_ring, minmay_guardbox, uniq_terence, uniq_robin
D:4:      gammafunk_steamed_eel, layout_cave_pools,
          grunt_temple_overflow_growth_and_decay, kennysheep_mini_moat,
          minmay_shop_grid_forest
D:5:      layout_cave_pods, hellmonk_ghost_happy_afterlife, guppyfry_shop_venom,
          uniq_edmund, uniq_duvessa, uniq_pikel
D:6:      layout_basic, doesnt_xom_only_xom, serial_shops, shop, uniq_sigmund

Skill      XL: |  1  2  3  4  5  6  7 |
---------------+----------------------+-----
Dodging        | 3 4 5 |  5.7
Conjurations   | 2 3 4 |  4.7
Fighting       | 1 2 3 |  3.3
Fire Magic     | 4 5 |  5.9
Spellcasting   | 4 5 6 |  6.3
Summonings     | 2 |  2.9
Air Magic      | 2 |  2.6
Stealth        | |  2.4

Action                   |  1- 3 |  4- 6 |  7- 9 || total
-------------------------+-------+-------+-------++-------
Melee: Short sword       |    11 |     5 |       ||    16
       Long sword        |       |    36 |    51 ||    87
 Cast: Foxfire           |    46 |   133 |    34 ||   213
       Sticky Flame      |       |     6 |     4 ||    10
       Conjure Flame     |       |     3 |       ||     3
  Use: Potion            |       |       |     2 ||     2
 Stab: Sleeping          |       |     2 |     1 ||     3
  Eat: Chunk             |     1 |     8 |     5 ||    14
       Ration            |       |     1 |       ||     1
Armor: Robe              |     9 |    20 |    11 ||    40
Dodge: Dodged            |    35 |    81 |    83 ||   199
       Rpst.: Long sword |       |    17 |    26 ||    43

Table legend:
 A = Non-vault XP
 B = Vault XP
 C = Vault XP percentage of total XP
 D = Non-vault monster count
 E = Vault monster count
 F = Vault count percentage of total count
                 A         B        C        D         E       F
            +---------+---------+-------+---------+---------+-------
      Total |    1189 |     963 |  44.7 |      99 |      26 |  20.8
            +---------+---------+-------+---------+---------+-------
        D:1 |      28 |       0 |   0.0 |      16 |       0 |   0.0
        D:2 |     129 |      14 |   9.8 |      24 |       1 |   4.0
        D:3 |     239 |     122 |  33.8 |      31 |      22 |  41.5
        D:4 |     320 |       0 |   0.0 |      14 |       0 |   0.0
        D:5 |     431 |     827 |  65.7 |      13 |       3 |  18.8
        D:6 |      42 |       0 |   0.0 |       1 |       0 |   0.0
            +---------+---------+-------+---------+---------+-------
